 Dungeon Crawl Stone Soup version 0.20.1-2-g1830e616b0 (webtiles) character file.

1481 Alfie the Archer (level 9, -6/68 HPs)
             Began as a Human Hunter on Feb 3, 2020.
             Mangled by an orc warrior
             ... wielding a +0 long sword
              (23 damage)
             ... on level 7 of the Dungeon on Feb 4, 2020.
             The game lasted 00:24:28 (4774 turns).

Alfie the Archer (Human Hunter)                     Turns: 4774, Time: 00:24:28

Health: -6/68      AC:  7    Str: 15 (17) XL:     9   Next: 7%
Magic:  9/9        EV: 12    Int: 10 (11) God:
Gold:   314        SH:  0    Dex: 11 (13) Spells: 5/8 levels left

rFire    + . .     SeeInvis .   a - +1 shortbow
rCold    . . .     Gourm    .   (shield currently unavailable)
rNeg     . . .     Faith    +   c - +2 leather armour
rPois    .         Spirit   .   (no helmet)
rElec    .         Reflect  .   (no cloak)
rCorr    .         Harm     .   u - +1 pair of gloves
MR       .....     Rnd*Tele +   (no boots)
Stlth    +.........             h - amulet of faith
Regen    0.3/turn               (no ring)
MPRegen  0.2/turn               (no ring)

@: no status effects
A: fire resistance 1, teleportitis 1
a: no special abilities


You were on level 7 of the Dungeon.
You were not hungry.

You visited 2 branches of the dungeon, and saw 8 of its levels.

You collected 314 gold pieces.

Inventory:

Hand Weapons
 a - a +1 shortbow (weapon)
 b - a +1 short sword
Missiles
 d - 5 tomahawks
 e - 28 poisoned needles
 l - 70 arrows (quivered)
Armour
 c - a +2 leather armour (worn)
 u - a +1 pair of gloves (worn)
Jewellery
 h - an amulet of faith (around neck)
 j - an uncursed ring of protection from cold
 m - an uncursed amulet of harm
Wands
 i - a wand of digging (8/24)
 s - a wand of lightning (5/15)
 t - a wand of flame (15/48)
 x - a wand of flame (23/48)
Scrolls
 p - a scroll of amnesia
 r - 2 scrolls of teleportation
Potions
 g - 4 potions of mutation
 n - a potion of flight
 v - a potion of lignification {unknown}
Comestibles
 f - 4 bread rations
 k - 3 royal jellies
 q - a fruit


   Skills:
 + Level 5.0 Fighting
 + Level 1.7 Short Blades
 + Level 9.2 Bows
 + Level 3.0 Armour
 + Level 3.0 Dodging
 + Level 1.3 Stealth
 + Level 0.2 Evocations


You had 5 spell levels left.
You knew the following spells:

 Your Spells              Type           Power        Failure   Level  Hunger
a - Confusing Touch       Hex            #.....       43%         1    ##.....
b - Poisonous Vapours     Pois/Air       #.....       56%         2    ###....


Dungeon Overview and Level Annotations

Branches:
Dungeon (7/15)             Temple (1/1) D:6

Altars:
Cheibriados
Dithmenos
Fedhas
Hepliaklqana
Kikubaaqudgha
Makhleb
Okawaru
Ru
Trog
Vehumet
Yredelemnul
Zin
The Shining One
Lugonu

Annotations:
D:4 Pikel


Innate Abilities, Weirdness & Mutations

Your flesh is heat resistant. (rF+)
You are occasionally teleported next to monsters.


Message History

The arrow hits the hound but does no damage.
The orc warrior hits you with a long sword!!
Firing (i - inventory. (,) - cycle):
l - 72 arrows (quivered)
Press: ? - help, Shift-Dir - straight line, f/p - orc warrior
Aim: an orc warrior, wielding a long sword and wearing a chain mail (moderately wounded)
You shoot an arrow. The arrow hits the orc warrior.
The orc warrior is heavily wounded.
The orc warrior hits you with a long sword!
* * * LOW HITPOINT WARNING * * *
Firing (i - inventory. (,) - cycle):
l - 71 arrows (quivered)
Press: ? - help, Shift-Dir - straight line, f/p - orc warrior
Aim: an orc warrior, wielding a long sword and wearing a chain mail (heavily wounded)
You shoot an arrow.
The arrow hits the orc warrior but does no damage.
The orc warrior is heavily wounded.
It was a potion of degeneration.
There was something very wrong with that liquid.
You feel weakened.
You feel dopey.
You feel clumsy.
The orc warrior hits you with a long sword!!
You die...

####
####...############
#......(()(oho@...#
.####
#..##$#####(#####.#
..... .. #.# #.#
..... #o #(.
#.########..... ..
..#. #......(.......
..
###.###..#######.....
. #......#######.....
##.##........<.....
.. #..###.....####


You could see an orc warrior, a hound and an orc.

Vanquished Creatures
  Edmund (D:4)
  A black bear (D:6)
  2 ogres (D:5)
  The ghost of Alfie the Shooter, an amateur HuHu (D:3)
  Blork the orc (D:6)
  A scorpion (D:6)
  2 howler monkeys
  4 crimson imps
  2 jellies (D:5)
  An orc priest (D:7)
  3 orc wizards (D:6)
  2 centaur skeletons
  2 hounds
  Ijyb (D:3)
  An iguana (D:6)
  Natasha (thrice) (D:2 D:4)
  3 worker ants
  7 adders
  3 gnolls
  3 shadow imps
  2 oozes
  3 worms
  A dart slug (D:2)
  3 leopard geckos
  17 orcs
  8 bats
  4 giant cockroaches
  5 goblins
  9 hobgoblins
  3 quokkas
  6 frilled lizards
  10 kobolds
  7 rats
122 creatures vanquished.

Notes
Turn   | Place    | Note
-------+----------+-------------------------------------------
     0 | D:1      | Alfie the Human Hunter began the quest for the Orb.
     0 | D:1      | Reached XP level 1. HP: 16/16 MP: 1/1
    95 | D:1      | Reached XP level 2. HP: 22/22 MP: 2/2
   401 | D:1      | Reached XP level 3. HP: 27/27 MP: 3/3
   822 | D:2      | Reached skill level 5 in Bows
   823 | D:2      | Noticed Natasha
   826 | D:2      | Killed Natasha
   826 | D:2      | Reached XP level 4. HP: 28/33 MP: 4/4
   974 | D:2      | Gained mutation: You are occasionally teleported next to monsters. [potion of mutation]
   974 | D:2      | Gained mutation: Your flesh is heat resistant. (rF+) [potion of mutation]
  1170 | D:2      | Reached XP level 5. HP: 33/39 MP: 5/5
  1596 | D:3      | Noticed Alfie's ghost (amateur HuHu)
  1613 | D:3      | Noticed Ijyb
  1644 | D:3      | Killed Alfie's ghost
  1644 | D:3      | Reached skill level 1 in Short Blades
  1644 | D:3      | Reached skill level 1 in Armour
  1644 | D:3      | Reached XP level 6. HP: 19/46 MP: 6/6
  1654 | D:3      | Killed Ijyb
  1718 | D:3      | Found a sacrificial altar of Ru.
  1864 | D:3      | Reached skill level 6 in Bows
  2103 | D:3      | Found a basalt altar of Yredelemnul.
  2399 | D:4      | Found an ancient bone altar of Kikubaaqudgha.
  2402 | D:4      | Found a glowing golden altar of the Shining One.
  2418 | D:4      | Noticed Natasha
  2424 | D:4      | Killed Natasha
  2462 | D:4      | Noticed Natasha
  2467 | D:4      | Killed Natasha
  2590 | D:4      | Reached XP level 7. HP: 51/52 MP: 7/7
  2614 | D:4      | Noticed Edmund
  2630 | D:4      | Killed Edmund
  2819 | D:4      | Noticed Pikel
  2854 | D:5      | Entered Level 5 of the Dungeon
  2967 | D:5      | Reached skill level 7 in Bows
  2989 | D:5      | Learned a level 1 spell: Confusing Touch
  3258 | D:5      | Reached XP level 8. HP: 59/60 MP: 8/8
  3755 | D:6      | Reached skill level 8 in Bows
  3818 | D:6      | Learned a level 2 spell: Poisonous Vapours
  4244 | D:6      | Noticed Blork the orc
  4261 | D:6      | Killed Blork the orc
  4266 | D:6      | Found a staircase to the Ecumenical Temple.
  4305 | D:6      | Reached skill level 9 in Bows
  4360 | Temple   | Entered the Ecumenical Temple
  4729 | D:7      | Reached skill level 5 in Fighting
  4729 | D:7      | Reached XP level 9. HP: 68/68 MP: 9/9
  4774 | D:7      | Mangled by an orc warrior

Skill      XL: |  1  2  3  4  5  6  7  8  9 |
---------------+----------------------------+-----
Bows           | 5 6 7 9 |  9.2
Short Blades   | 1 |  1.7
Armour         | 1 2 3 |  3.0
Fighting       | 3 4 5 |  5.0
Dodging        | 3 |  3.0
Stealth        | |  1.3
Evocations     | |  0.2

Action                   |  1- 3 |  4- 6 |  7- 9 || total
-------------------------+-------+-------+-------++-------
Melee: Short sword       |       |    34 |    11 ||    45
 Fire: Shortbow          |    77 |   123 |   294 ||   494
Evoke: Wand              |       |       |     2 ||     2
  Use: Scroll            |     3 |     7 |     9 ||    19
       Potion            |       |     4 |     2 ||     6
  Eat: Fruit             |       |     3 |     1 ||     4
       Royal jelly       |       |     1 |       ||     1
       Bread ration      |       |       |     1 ||     1
       Meat ration       |       |       |     1 ||     1
Armor: Leather armour    |     3 |    20 |    32 ||    55
Dodge: Dodged            |     6 |    64 |    83 ||   153
